 Dungeon Crawl Stone Soup version 0.25.0-45-g9783441 (webtiles) character file.

Game seed: 2395848117356771470

380 Jonnyslop the Spear-Bearer (level 6, -2/49 HPs)
             Began as a Merfolk Gladiator on July 14, 2020.
             Slain by a wight
             ... wielding a +2 mace of freezing
              (5 damage)
             ... on level 4 of the Dungeon.
             The game lasted 00:07:18 (3342 turns).

Jonnyslop the Spear-Bearer (Merfolk Gladiator)      Turns: 3342, Time: 00:07:20

Health: -2/49      AC:  5    Str: 15    XL:     6   Next: 75%
Magic:  6/6        EV: 13    Int:  8    God:
Gold:   149        SH:  0    Dex: 16    Spells: 5/5 levels left

rFire    . . .     SeeInvis .   a - +1 trident
rCold    . . .     Gourm    .   (no shield)
rNeg     . . .     Faith    .   b - +0 leather armour
rPois    +         Spirit   .   c - +0 helmet
rElec    .         Reflect  .   e - +0 cloak
rCorr    .         Harm     .   (no gloves)
MR       .....                  (no boots)
Stlth    +.........             (no amulet)
HPRegen  0.16/turn              l - ring of poison resistance
MPRegen  0.10/turn              (no ring)

@: heavily drained
A: change form in water, swift swim, stealthy swim
a: no special abilities


You were on level 4 of the Dungeon.
You were not hungry.

You visited 1 branch of the dungeon, and saw 4 of its levels.

You collected 149 gold pieces.

Inventory:

Hand Weapons
 a - a +1 trident (weapon)
Missiles
 d - 3 throwing nets
 g - 30 poisoned darts (quivered)
Armour
 b - a +0 leather armour (worn)
 c - a +0 helmet (worn)
 e - a +0 cloak (worn)
Jewellery
 l - a ring of poison resistance (left hand)
Wands
 m - a wand of iceblast (8)
 n - a wand of clouds (3)
Scrolls
 h - a scroll of blinking {unknown}
 j - 3 scrolls of identify
 o - a scroll of remove curse
Potions
 i - 2 potions of curing
 p - a potion of ambrosia {unknown}
 q - a potion of stabbing {unknown}
Comestibles
 f - 3 chunks of flesh


   Skills:
 + Level 4.7(3.2) Fighting
 * Level 9.0(7.4) Polearms
 - Level 2.0(0.6) Throwing
 - Level 4.0(2.6) Dodging


You had 5 spell levels left.
You didn't know any spells.
Your spell library contained the following spells:

 Spells                   Type           Power        Failure   Level  Hunger
 Animate Skeleton         Necr           N/A          47%         1    ##.....
 Pain                     Necr           #...         47%         1    ##.....
 Vampiric Draining        Necr           #.........   85%         3    ####...
 Animate Dead             Necr           N/A          99%         4    #####..
 Agony                    Necr           #.......     100%        5    ######.


Dungeon Overview and Level Annotations

Branches:
Dungeon (4/15)
 Temple: D:4-7

Altars:
Xom

Annotations:
D:3 Sigmund


Message History

Aim: a wight, wielding a +0 mace and wearing a +0 scale mail (almost destroyed)
You puncture the wight!
You destroy the wight!
Your base Polearms skill increases to level 9!
Attack whom?
Press: ? - help, Dir - move target cursor, f - wight
Aim: a wight, wielding a +2 mace of freezing and wearing a +0 robe You puncture the wight!
The wight is heavily damaged.
Attack whom?
Press: ? - help, Dir - move target cursor, f/p - wight
Aim: a wight, wielding a +2 mace of freezing and wearing a +0 robe (heavily damaged)
You closely miss the wight.
The wight is heavily damaged.
The wight hits you with a +2 mace of freezing!
* * * LOW HITPOINT WARNING * * *
You feel drained.
* * * LOW HITPOINT WARNING * * *
The wight freezes you.
You die...

#############.#
#.##)<....z@.....#
#......###########
#.##.#.# #
#.#......#
#....##...# .....#
.. ...... #....###
##..##


You could see a wight.

Vanquished Creatures
  2 wights (D:4)
  An orc priest (D:3)
  Crazy Yiuf (D:3)
  Natasha (thrice) (D:2)
  Robin (D:3)
  4 gnolls (D:3)
  3 adders
  A worm (D:2)
  A dart slug (D:2)
  4 leopard geckos
  7 orcs (D:3)
  4 giant cockroaches
  6 hobgoblins
  2 jackals (D:2)
  A quokka (D:3)
  6 bats
  5 frilled lizards
  14 goblins
  9 kobolds
  A quokka zombie (D:2)
  6 rats
82 creatures vanquished.

Notes
Turn   | Place    | Note
-------+----------+-------------------------------------------
     0 | D:1      | Jonnyslop the Merfolk Gladiator began the quest for the
                  | Orb.
     0 | D:1      | Reached XP level 1. HP: 16/16 MP: 1/1
   153 | D:1      | Reached XP level 2. HP: 21/23 MP: 2/2
   154 | D:1      | Reached skill level 5 in Polearms
   572 | D:1      | Reached XP level 3. HP: 26/28 MP: 3/3
   745 | D:2      | Noticed Natasha
   765 | D:2      | Killed Natasha
   765 | D:2      | Reached skill level 6 in Polearms
   765 | D:2      | Reached XP level 4. HP: 14/35 MP: 4/4
  1001 | D:2      | Noticed Natasha
  1006 | D:2      | Killed Natasha
  1119 | D:2      | Found a shimmering altar of Xom.
  1152 | D:2      | Found a shimmering altar of Xom.
  1153 | D:2      | Found a shimmering altar of Xom.
  1156 | D:2      | Found a shimmering altar of Xom.
  1481 | D:2      | You fall into a shaft and drop 2 floors!
  1527 | D:3      | Reached skill level 7 in Polearms
  1533 | D:3      | Reached XP level 5. HP: 33/41 MP: 5/5
  1976 | D:2      | Noticed Natasha
  1989 | D:2      | Killed Natasha
  2378 | D:3      | Noticed Robin
  2490 | D:3      | Reached skill level 8 in Polearms
  2495 | D:3      | Reached XP level 6. HP: 35/48 MP: 6/6
  2654 | D:3      | Killed Robin
  2758 | D:3      | Found a runed translucent door.
  2759 | D:3      | Noticed Crazy Yiuf
  2770 | D:3      | Killed Crazy Yiuf
  2935 | D:3      | Noticed Sigmund
  3340 | D:4      | Reached skill level 9 in Polearms
  3342 | D:4      | Slain by a wight

Illustrated notes

Levels and vault maps discovered:
D:1:      elethiomel_arrival_shortcut, layout_basic
D:2:      layout_basic, first_ration, xom_redecorated, uniq_natasha
D:3:      layout_basic, uniq_sigmund, uniq_crazy_yiuf_cottage, uniq_robin
D:4:      layout_loops_ring, grunt_temple_overflow_open,
          gammafunk_ghost_abyssal_escape, trog_three_pillars_becter,
          uniq_eustachio, uniq_menkaure, uniq_pikel

Skill      XL: |  1  2  3  4  5  6 |
---------------+-------------------+-----
Polearms       | 5 6 7 8 9 |  9.0
Fighting       | 3 4 |  4.7
Throwing       | |  2.0
Dodging        | |  4.0

Action                   |  1- 3 |  4- 6 || total
-------------------------+-------+-------++-------
Melee: Trident           |    95 |   217 ||   312
Throw: Dart              |       |     1 ||     1
  Use: Scroll            |       |     4 ||     4
 Stab: Sleeping          |       |     2 ||     2
  Eat: Chunk             |       |     8 ||     8
Armor: Leather armour    |    13 |    19 ||    32
Dodge: Dodged            |    62 |    92 ||   154
